AoeStats
← Papà di Jim

Fortress

510194419Analyzed
2v2 RM · 4d ago on Sep 29, 2026· 101m 40s· 4 players
Game mode
Random Map
Map size
Normal (6 player)
Population
200
Speed
Normal
Resources
Standard
Victory
Conquest
Starting age
Dark Age
Ending age
Imperial Age
RankedLock teamsTeams togetherTeam positionsShared explorationLock speedFull tech treeHidden civsTurbo modeCheats
Victory
Defeat
🇮🇹 Teutons · Italy
885
+16
🇮🇹 Italians · Italy
871
+17
🇩🇪 Spanish · Germany
905
-17
🇩🇪 Cumans · Germany
876
-16
giangiacomo91
8:20 Feudal Age
9:44 Loom
12:54 Castle Age
11:21 Double-Bit Axe
15:17 Horse Collar
17:55 Fletching
22:58 Wheelbarrow
27:56 Imperial Age
27:04 Ballistics
26:53 Elite Skirmisher
27:35 Bodkin Arrow
27:51 Forging
27:47 Scale Barding Armor
27:50 Murder Holes
28:06 Masonry
27:41 Treadmill Crane
29:08 Conscription
29:11 Bow Saw
28:51 Town Watch
30:18 Padded Archer Armor
31:10 Heavy Plow
31:27 Hand Cart
34:15 Bloodlines
33:26 Cavalier
35:18 Chemistry
34:20 Bracer
34:56 Iron Casting
35:13 Silk Road
36:15 Architecture
35:48 Town Patrol
37:52 Hoardings
37:53 Gold Mining
38:35 Husbandry
39:01 Chain Barding Armor
38:58 Leather Archer Armor
40:28 Bombard Tower
41:00 Devotion
41:33 Thumb Ring
40:52 Light Cavalry
42:25 Onager
48:54 Ring Archer Armor
49:24 Blast Furnace
49:00 Plate Barding Armor
48:10 Elite Genoese Crossbowman
48:16 Hussar
77:16 Pikeman
77:57 Squires
77:59 Scale Mail Armor
Papà di Jim
8:45 Feudal Age
10:01 Wheelbarrow
9:14 Double-Bit Axe
9:11 Horse Collar
13:40 Castle Age
15:10 Bow Saw
15:01 Heavy Plow
15:34 Scale Barding Armor
15:25 Fletching
15:44 Gold Mining
20:55 Town Watch
22:40 Ballistics
24:36 Fortified Wall
24:36 Masonry
31:24 Imperial Age
29:13 Hand Cart
28:45 Loom
28:54 Guard Tower
28:27 Elite Skirmisher
29:58 Bloodlines
29:58 Scale Mail Armor
31:42 Caravan
32:17 Bodkin Arrow
32:22 Padded Archer Armor
32:34 Forging
32:40 Chain Mail Armor
32:45 Chain Barding Armor
32:48 Conscription
32:51 Crenellations
34:26 Town Patrol
35:29 Chemistry
34:15 Arrowslits
35:06 Keep
34:39 Cavalier
36:36 Plate Mail Armor
36:42 Iron Casting
36:25 Leather Archer Armor
36:10 Onager
36:19 Pikeman
36:59 Squires
37:57 Paladin
39:10 Elite Teutonic Knight
41:26 Plate Barding Armor
41:39 Siege Engineers
46:55 Guilds
47:41 Ring Archer Armor
52:17 Coinage
53:23 Blast Furnace
54:04 Banking
54:01 Halberdier
55:58 Two-Man Saw
56:50 Hoardings
56:54 Bombard Tower
61:40 Ironclad
62:40 Devotion
63:16 Theocracy
79:27 Sanctity
PeppHepp
7:13 Feudal Age
8:00 Horse Collar
8:19 Double-Bit Axe
8:52 Loom
9:43 Wheelbarrow
12:03 Gold Mining
18:10 Castle Age
17:27 Scale Barding Armor
17:19 Fletching
17:40 Padded Archer Armor
17:50 Scale Barding Armor
19:27 Bow Saw
19:21 Heavy Plow
20:51 Stone Mining
21:36 Gold Shaft Mining
21:43 Thumb Ring
23:02 Bloodlines
24:57 Ballistics
24:35 Murder Holes
25:33 Leather Archer Armor
25:45 Bodkin Arrow
26:33 Forging
27:40 Chain Barding Armor
27:24 Scale Mail Armor
29:26 Town Watch
29:57 Hand Cart
30:04 Squires
29:25 Pikeman
29:50 Arson
33:20 Imperial Age
33:21 Heavy Cavalry Archer
34:28 Parthian Tactics
34:36 Ring Archer Armor
34:47 Plate Barding Armor
34:24 Forging
34:33 Chain Mail Armor
33:43 Elite Skirmisher
33:45 Halberdier
34:57 Conscription
36:13 Two-Man Saw
35:54 Crop Rotation
36:21 Caravan
36:32 Steppe Husbandry
36:38 Elite Kipchak
38:16 Plate Mail Armor
38:31 Iron Casting
38:11 Elite Steppe Lancer
38:15 Cavalier
40:05 Chemistry
39:51 Paladin
47:51 Masonry
52:21 Blast Furnace
52:15 Heated Shot
55:08 Cuman Mercenaries
75:02 Light Cavalry
77:35 Hoardings
76:31 Hussar
80:32 Town Patrol
80:03 Capped Ram
81:34 Man-at-Arms
83:11 Siege Ram
86:06 Long Swordsman
87:59 Two-Handed Swordsman
89:18 Champion
Tim
7:11 Feudal Age
7:50 Double-Bit Axe
8:22 Horse Collar
11:46 Wheelbarrow
16:19 Castle Age
14:42 Gold Mining
15:14 Stone Mining
17:40 Forging
17:38 Scale Barding Armor
18:41 Bow Saw
18:35 Heavy Plow
18:34 Town Watch
20:31 Chain Barding Armor
20:03 Fletching
20:55 Iron Casting
23:47 Bloodlines
23:38 Husbandry
26:08 Bodkin Arrow
26:32 Caravan
29:19 Hand Cart
29:29 Hand Cart
32:49 Imperial Age
31:19 Stone Shaft Mining
31:43 Squires
31:29 Arson
31:04 Pikeman
33:13 Padded Archer Armor
32:58 Elite Skirmisher
33:51 Thumb Ring
34:25 Conscription
35:18 Two-Man Saw
34:51 Ballistics
35:27 Elite Conquistador
36:22 Murder Holes
36:39 Fortified Wall
37:30 Chemistry
37:19 Hoardings
36:19 Halberdier
38:21 Blast Furnace
37:56 Plate Barding Armor
37:45 Bracer
38:01 Leather Archer Armor
37:54 Scale Mail Armor
38:19 Loom
40:03 Cavalier
42:24 Ring Archer Armor
42:19 Masonry
42:10 Paladin
45:34 Chain Mail Armor
45:55 Architecture
48:36 Plate Mail Armor
74:02 Heavy Mounted Crossbowman
76:38 Light Cavalry
79:51 Hussar
Connection lost

Rejoining the realm…

Still unreachable

The connection could not be restored.

Session expired

The server has moved on; the page needs a fresh start.